 Dungeon Crawl Stone Soup version 0.31-a0-1447-g87ca8d402b (webtiles) character file.

Game seed: 14036064586633569664

108 Sobieck the Ruffian (level 4, -4/37 HPs)
             Began as a Draconian Shapeshifter on Dec 27, 2023.
             Slain by Sigmund
             ... wielding a +1 scythe of protection
              (10 damage)
             ... on level 3 of the Dungeon.
             The game lasted 00:03:15 (1851 turns).

Sobieck the Ruffian (Draconian Shapeshifter)        Turns: 1851, Time: 00:03:15

Health: -4/37      AC:  5    Str: 19    XL:     4   Next: 58%
Magic:  4/4        EV: 12    Int: 10    God:
Gold:   137        SH:  0    Dex: 10    Spells: 3/3 levels left

rFire   . .          .
                       - Unarmed
rCold   . . .        (no shield)
rNeg    . . .        (body armour unavailable)
rPois   .            (helmet currently unavailable)
rElec   .            (cloak currently unavailable)
rCorr   .            (gloves currently unavailable)
SInv    .            (boots currently unavailable)
Will    .....        (no amulet)
Stlth   +            (no ring)
HPRegen 0.26/turn    (no ring)
MPRegen 0.09/turn

%: no passive effects
@: beast-form
A: beast (slay +2), AC +5, unfitting armour, cold-blooded
a: Begin Untransformation


You were on level 3 of the Dungeon.
You were a hulking beast.
You visited 1 branch of the dungeon, and saw 3 of its levels.

You collected 137 gold pieces.

Inventory:

Hand Weapons
 o - the +0 hammer "Wuwn" {drain, rElec Int+4 Stlth+}
   (You found it on level 2 of the Dungeon)

   Int+4:     It affects your intelligence (+4).
   rElec:     It insulates you from electricity.
   Stlth+:    It makes you more stealthy.
Armour
 e - a +0 cloak
 i - a +0 cloak
 k - a +0 pair of gloves
 p - a +0 pair of boots
Talismans
 b - a beast talisman
 c - a flux talisman
 n - a maw talisman
Scrolls
 g - 2 scrolls of enchant weapon {unknown}
 j - 2 scrolls of fog {unknown}
 l - 3 scrolls of identify {unknown}
 m - a scroll of teleportation {unknown}
Potions
 a - a potion of lignification
 d - 2 potions of curing {unknown}
 f - 3 potions of resistance {unknown}
 h - a potion of heal wounds {unknown}
 q - a potion of might {unknown}


   Skills:
 + Level 2.5 Fighting
 + Level 2.6 Dodging
 + Level 3.7 Unarmed Combat
 + Level 3.6 Shapeshifting


You had 3 spell levels left.
You didn't know any spells.
Your spell library contained the following spells:

 Spells                   Type           Power      Damage    Failure   Level
 Magic Dart               Conj           0%         1d3       36%         1
 Slow                     Hex            0%         N/A       36%         1
 Blink                    Tloc           0%         N/A       50%         2
 Call Imp                 Summ           0%         N/A       50%         2
 Mercury Vapours          Alch/Air       0%         N/A       50%         2
 Confusing Touch          Hex            0%         N/A       75%         3
 Mephitic Cloud           Conj/Alch/Air  0%         N/A       75%         3
 Sigil of Binding         Hex            0%         N/A       75%         3
 Vampiric Draining        Necr           0%         2d6       75%         3
 Ignite Poison            Fire/Alch      0%         N/A       98%         4
 Sticky Flame             Fire/Alch      0%         2d4       98%         4
 Freezing Cloud           Conj/Ice/Air   0%         6-21      100%        5
 Ignition                 Fire           0%         3d3       100%        8


Dungeon Overview and Level Annotations

Branches:
Dungeon (3/15)

Altars:
Makhleb

Annotations:
D:2 1 runed translucent door, Crazy Yiuf
D:3 Sigmund


Innate Abilities, Weirdness & Mutations

You are a hulking beast.
Your limbs bulge with bestial killing power. (Slay +2)
Your plain brown scales are hard. (AC +5)
You cannot fit into any form of body armour.
You are cold-blooded and may be slowed by cold attacks.


Message History

Danger!
Sigmund gestures at you while chanting. The puff of flame hits you!
Unknown command.
You barely miss Sigmund.
Sigmund hits you with a +1 scythe of protection!
You barely miss Sigmund.
Unknown command.
You hit Sigmund.
Sigmund is lightly wounded.
Sigmund hits you with a +1 scythe of protection.
You barely miss Sigmund.
Sigmund is lightly wounded.
Unknown command.
You closely miss Sigmund.
Sigmund is lightly wounded.
Sigmund gestures at you while chanting. The puff of flame hits you.
You barely miss Sigmund.
Sigmund is lightly wounded.
Sigmund barely misses you.
You closely miss Sigmund.
Sigmund is lightly wounded.
Sigmund casts a spell at you. The magic dart hits you.
You hit Sigmund. You tail-slap Sigmund.
Sigmund is lightly wounded.
Sigmund hits you with a +1 scythe of protection.
* * * LOW HITPOINT WARNING * * *
You hit Sigmund.
Sigmund is moderately wounded.
You hit Sigmund.
Sigmund is heavily wounded.
Sigmund closely misses you.
You closely miss Sigmund.
Sigmund is heavily wounded.
Sigmund barely misses you.
You hit Sigmund.
Sigmund is heavily wounded.
You barely miss Sigmund.
Sigmund is heavily wounded.
Sigmund hits you with a +1 scythe of protection.
* * * LOW HITPOINT WARNING * * *
You hit Sigmund. You tail-slap Sigmund.
Sigmund is severely wounded.
You hit Sigmund.
Sigmund is severely wounded.
Sigmund hits you with a +1 scythe of protection!
You die...
Sigmund begins carving another notch in his scythe.

?....#...#.# .#
#..........# ..##
#......#..# ...
#..S......###.## #.
###..............# #
..................######
#.......#.#.........##
#....h..#.#..##.###...
....#.@##....<........#.
8 ##. #.............##
#. ##............## #.
#..###...)### # #.
#...###.....###
..###...####..#...#
....................
.........########..#


You could see Sigmund and a ball python.

Vanquished Creatures
  Jessica (D:3)
  An adder (D:2)
  A worm (D:2)
  5 orcs
  9 ball pythons
  6 bats
  5 endoplasms
  3 giant cockroaches
  4 goblins
  4 hobgoblins
  6 jackals
  2 quokkas (D:1)
  3 frilled lizards
  4 kobolds
  9 rats
63 creatures vanquished.

Notes
Turn   | Place    | Note
-------+----------+-------------------------------------------
     0 | D:1      | Sobieck the Draconian Shapeshifter began the quest for the
                  | Orb.
     0 | D:1      | Reached XP level 1. HP: 16/16 MP: 1/1
    31 | D:1      | You fall into a shaft and drop 1 floor!
   172 | D:2      | Reached XP level 2. HP: 17/23 MP: 2/2
   367 | D:1      | Reached XP level 3. HP: 28/29 MP: 3/3
   915 | D:2      | Found a faded altar of an unknown god.
   916 | D:2      | Found a burning altar of Makhleb.
   974 | D:2      | Found a runed translucent door.
   974 | D:2      | Identified the +0 hammer "Wuwn" {drain, rElec Int+4 Stlth+}
   976 | D:2      | Noticed Crazy Yiuf
  1529 | D:3      | Noticed Jessica
  1536 | D:3      | Killed Jessica
  1537 | D:3      | Reached XP level 4. HP: 22/37 MP: 4/4
  1832 | D:3      | Noticed Sigmund
  1851 | D:3      | Slain by Sigmund

Illustrated notes

Levels and vault maps discovered:
D:1:      reono_arrival_forest_river, layout_basic, minmay_hexomino_c4
D:2:      layout_basic, basic_altar, basic_ecumenical_altar,
          chequers_serial_rivers_large_b, uniq_crazy_yiuf_cottage
D:3:      layout_rooms, minmay_misc_feat_rugged, small_statue_intersection,
          minmay_misc_feat_plants, uniq_terence, uniq_jessica, uniq_sigmund

Skill      XL: |  1  2  3 |
---------------+----------+-----
Dodging        | 2 |  2.6
Fighting       | 2 |  2.5
Unarmed Combat | |  3.7
Shapeshifting  | |  3.6

Action                     |  1- 3 |  4- 6 || total
---------------------------+-------+-------++-------
  Melee: Unarmed           |   127 |    60 ||   187
         Tailslap          |    11 |     9 ||    20
         Punch             |     3 |     1 ||     4
 Armour: Skin              |    62 |    37 ||    99
  Dodge: Dodged            |    94 |    34 ||   128

Table legend: (Time is in decaauts)
 A = Elapsed time spent in this place.
 B = Non-inter-level travel time spent in this place.
 C = Inter-level travel time spent in this place.
 D = Time resting spent in this place.
 E = Time spent auto-exploring this place.
 F = Levels seen in this place.
 G = Mean time per level.
                   A        B        C        D        E       F      G
               +--------+--------+--------+--------+--------+-----+--------+
         Total |   1874 |   1821 |     53 |    137 |   1275 |   3 |  624.7 |
       Dungeon |   1874 |   1821 |     53 |    137 |   1275 |   3 |  624.7 |
               +--------+--------+--------+--------+--------+-----+--------+

Top non-repeatable levels by time:
     D:2: 967 daAuts
     D:1: 634 daAuts
     D:3: 271 daAuts
